PL
VANCOUVER GREY WOLVES @ D.C. DIVIDED
05/05/2030
 
TOP OF THE 1ST
Vancouver Grey Wolves batting - Pitching for D.C. Divided : LHP Bill Oulton
Pitching: LHP Bill Oulton
Batting: LHB Michael Malloy 0-0: Ball
1-0: Ball
2-0: Foul Ball, location: 2F
2-1: Swinging Strike
2-2: Strikes out swinging
Batting: RHB Hank Scorpio 0-0: Ball
1-0: Ground out U3 (Groundball, 3S)
Batting: LHB Preston Witt 0-0: Foul Ball, location: 2F
0-1: Ball
1-1: Called Strike
1-2: Strikes out swinging
Top of the 1st over - 0 runs, 0 hits, 0 errors, 0 left on base; Vancouver 0 - D.C. 0
BOTTOM OF THE 1ST
D.C. Divided batting - Pitching for Vancouver Grey Wolves : RHP Ambrose Randall
Pitching: RHP Ambrose Randall
Batting: RHB Roberto Maestas 0-0: Ball
1-0: Ball
2-0: Called Strike
2-1: Called Strike
2-2: SINGLE (Line Drive, 9S)
Batting: RHB Tony Romero 0-0: Ball
1-0: Called Strike
1-1: Grounds into double play, 6-4-3 (Groundball, 6D)
Batting: RHB Mario Castillo 0-0: Ball
1-0: Ball
2-0: Called Strike
2-1: Fly out, F7 (Line Drive, 7D)
Bottom of the 1st over - 0 runs, 1 hit, 0 errors, 0 left on base; Vancouver 0 - D.C. 0
TOP OF THE 2ND
Vancouver Grey Wolves batting - Pitching for D.C. Divided : LHP Bill Oulton
Batting: RHB Hugh Mungus 0-0: Foul Ball, location: 2F
0-1: Ball
1-1: Foul Ball, location: 2F
1-2: Ball
2-2: Fly out, F9 (Line Drive, 9)
Batting: LHB David Smith 0-0: Ball
1-0: Fly out, F7 (Flyball, 7D)
Batting: RHB Gilberto Rodríguez 0-0: Ground out 6-3 (Groundball, 6)
Top of the 2nd over - 0 runs, 0 hits, 0 errors, 0 left on base; Vancouver 0 - D.C. 0
BOTTOM OF THE 2ND
D.C. Divided batting - Pitching for Vancouver Grey Wolves : RHP Ambrose Randall
Batting: RHB Wilfred McLaughlin 0-0: Ball
1-0: SOLO HOME RUN (Flyball, 7D), Distance : 410 ft
Batting: RHB Wilbur Davis 0-0: Ground out 6-3 (Groundball, 6)
Batting: LHB Obidiah Lewis 0-0: Ball
1-0: Foul Ball, location: 2F
1-1: Ball
2-1: Foul Ball, location: 2F
2-2: Ball
3-2: Foul Ball, location: 2F
3-2: Base on Balls
Batting: LHB Sal Bradshaw 0-0: Called Strike
0-1: Foul Ball, location: 2F
0-2: Ball
1-2: Strikes out looking
Batting: LHB Neil Lawson 0-0: Ground out 6-3 (Groundball, 4MD)
Bottom of the 2nd over - 1 run, 1 hit, 0 errors, 1 left on base; Vancouver 0 - D.C. 1
TOP OF THE 3RD
Vancouver Grey Wolves batting - Pitching for D.C. Divided : LHP Bill Oulton
Batting: RHB José Jarca 0-0: Ball
1-0: Called Strike
1-1: Swinging Strike
1-2: Ground out 5-3 (Groundball, 56)
Batting: LHB Aquiles Marmelo 0-0: SINGLE (Groundball, 34D)
Batting: RHB Wilson Vega 0-0: Ball
1-0: Fly out, F6 (Popup, 6D)
Batting: LHB Michael Malloy 0-0: Called Strike
0-1: Fly out, F8 (Flyball, 8LD)
Top of the 3rd over - 0 runs, 1 hit, 0 errors, 1 left on base; Vancouver 0 - D.C. 1
BOTTOM OF THE 3RD
D.C. Divided batting - Pitching for Vancouver Grey Wolves : RHP Ambrose Randall
Batting: RHB Arturo Rodríguez 0-0: Foul Ball, location: 2F
0-1: SINGLE (Line Drive, 78S)
Batting: RHB Roberto Maestas 0-0: Ball
1-0: Foul Ball, location: 2F
1-1: SINGLE (Groundball, 5S) (infield hit)
Arturo Rodríguez to second
Batting: RHB Tony Romero 0-0: Ball
1-0: DOUBLE (Flyball, 8LD)
Arturo Rodríguez scores
Roberto Maestas to third
Runner from 3rd tries for Home, SAFE, no throw
Batting: RHB Mario Castillo 0-0: Ball
1-0: Ball
2-0: SINGLE (Flyball, 78S)
Tony Romero to third
Batting: RHB Wilfred McLaughlin 0-0: Ball
1-0: Ball
2-0: 3-RUN HOME RUN (Line Drive, 7D), Distance : 415 ft
Batting: RHB Wilbur Davis 0-0: Ball
1-0: Called Strike
1-1: Called Strike
1-2: Ball
2-2: Strikes out swinging
Batting: LHB Obidiah Lewis 0-0: Foul Ball, location: 2F
0-1: Called Strike
0-2: Ground out 4-3 (Groundball, 4)
Batting: LHB Sal Bradshaw 0-0: Ball
1-0: Ground out 6-3 (Groundball, 6D)
Bottom of the 3rd over - 5 runs, 5 hits, 0 errors, 0 left on base; Vancouver 0 - D.C. 6
TOP OF THE 4TH
Vancouver Grey Wolves batting - Pitching for D.C. Divided : LHP Bill Oulton
Batting: RHB Hank Scorpio 0-0: Called Strike
0-1: SOLO HOME RUN (Line Drive, 7D), Distance : 400 ft
Batting: LHB Preston Witt 0-0: Ball
1-0: Ball
2-0: Hit by Pitch
Batting: RHB Hugh Mungus 0-0: Ball
1-0: Called Strike
1-1: Swinging Strike
1-2: Foul Ball, location: 2F
1-2: SINGLE (Groundball, 6MD)
Preston Witt to second
Batting: LHB David Smith 0-0: Foul Ball, location: 2F
0-1: Ball
1-1: Foul Ball, location: 2F
1-2: Strikes out swinging
Batting: RHB Gilberto Rodríguez 0-0: Swinging Strike
0-1: Called Strike
0-2: Foul Ball, location: 2F
0-2: 3-RUN HOME RUN (Flyball, 7LD), Distance : 355 ft
Batting: RHB José Jarca 0-0: Ball
1-0: Foul Ball, location: 2F
1-1: Foul Ball, location: 2F
1-2: Ball
2-2: Ball
3-2: Strikes out swinging
Batting: LHB Aquiles Marmelo 0-0: Swinging Strike
0-1: Foul Ball, location: 2F
0-2: SINGLE (Groundball, 4MD)
Batting: RHB Wilson Vega 0-0: Ball
1-0: SINGLE (Line Drive, 4M)
Aquiles Marmelo to second
Batting: LHB Michael Malloy 0-0: Swinging Strike
0-1: Foul Ball, location: 2F
0-2: Ball
1-2: Ball
2-2: Foul Ball, location: 2F
2-2: Ball
3-2: Fly out, F9 (Flyball, 9S)
Top of the 4th over - 4 runs, 5 hits, 0 errors, 2 left on base; Vancouver 4 - D.C. 6
BOTTOM OF THE 4TH
D.C. Divided batting - Pitching for Vancouver Grey Wolves : RHP Ambrose Randall
Batting: LHB Neil Lawson 0-0: Ball
1-0: Swinging Strike
1-1: Swinging Strike
1-2: Foul Ball, location: 2F
1-2: Ball
2-2: Strikes out looking
Batting: RHB Arturo Rodríguez 0-0: Ball
1-0: Called Strike
1-1: Ball
2-1: Ball
3-1: Foul Ball, location: 2F
3-2: Base on Balls
Pitching: LHP Felipe Machado
Batting: RHB Roberto Maestas 0-0: Called Strike
Arturo Rodríguez is caught stealing 2nd base
0-1: Ball
1-1: DOUBLE (Flyball, 8LD)
Batting: RHB Tony Romero 0-0: Swinging Strike
0-1: Ball
1-1: Ground out U3 (Groundball, 34)
Bottom of the 4th over - 0 runs, 1 hit, 0 errors, 1 left on base; Vancouver 4 - D.C. 6
TOP OF THE 5TH
Vancouver Grey Wolves batting - Pitching for D.C. Divided : LHP Bill Oulton
Batting: RHB Hank Scorpio 0-0: Fly out, F7 (Flyball, 7D)
Batting: LHB Preston Witt 0-0: Foul Ball, location: 2F
0-1: Called Strike
0-2: Ball
1-2: Ball
2-2: Ball
3-2: Base on Balls
Batting: RHB Hugh Mungus 0-0: Ball
1-0: Swinging Strike
1-1: Called Strike
1-2: Strikes out looking
Batting: LHB David Smith 0-0: Called Strike
0-1: Ball
1-1: Ball
2-1: Foul Ball, location: 2F
2-2: Foul Ball, location: 2F
2-2: Strikes out looking
Top of the 5th over - 0 runs, 0 hits, 0 errors, 1 left on base; Vancouver 4 - D.C. 6
BOTTOM OF THE 5TH
D.C. Divided batting - Pitching for Vancouver Grey Wolves : LHP Felipe Machado
Batting: RHB Mario Castillo 0-0: Called Strike
0-1: Ground out 5-3 (Groundball, 56S)
Batting: RHB Wilfred McLaughlin 0-0: Ball
1-0: Ball
2-0: Ball
3-0: Base on Balls
Batting: RHB Wilbur Davis 0-0: Called Strike
0-1: Ball
1-1: Ball
2-1: Ball
3-1: Base on Balls
Wilfred McLaughlin to second
Batting: LHB Obidiah Lewis 0-0: Ball
1-0: Fly out, F2 (Popup, 25F)
Batting: LHB Sal Bradshaw 0-0: Ball
1-0: Ball
2-0: Reached on error, E4 (Groundball, 4)
Wilfred McLaughlin scores
Wilbur Davis to third
Batting: LHB Neil Lawson 0-0: Fly out, F6 (Line Drive, 6M)
Bottom of the 5th over - 1 run, 0 hits, 1 error, 2 left on base; Vancouver 4 - D.C. 7
TOP OF THE 6TH
Vancouver Grey Wolves batting - Pitching for D.C. Divided : LHP Bill Oulton
Batting: RHB Gilberto Rodríguez 0-0: Ball
1-0: Fly out, F9 (Line Drive, 9)
Batting: RHB José Jarca 0-0: Foul Ball, location: 2F
0-1: Swinging Strike
0-2: Ball
1-2: Foul Ball, location: 2F
1-2: Strikes out swinging, 2-3 out at first.
Batting: LHB Aquiles Marmelo 0-0: Called Strike
0-1: Foul Ball, location: 2F
0-2: Ball
1-2: Ball
2-2: Foul Ball, location: 2F
2-2: Strikes out swinging
Top of the 6th over - 0 runs, 0 hits, 0 errors, 0 left on base; Vancouver 4 - D.C. 7
BOTTOM OF THE 6TH
D.C. Divided batting - Pitching for Vancouver Grey Wolves : LHP Felipe Machado
Batting: RHB Arturo Rodríguez 0-0: Ball
1-0: DOUBLE (Flyball, 78XD)
Batting: RHB Roberto Maestas 0-0: Called Strike
0-1: Ground out 5-3 (Groundball, 56S)
Arturo Rodríguez to third
Batting: RHB Tony Romero 0-0: Fly out, F7 (Flyball, 78D)
Runner from 3rd tags up, OUT at HOME
Bottom of the 6th over - 0 runs, 1 hit, 0 errors, 0 left on base; Vancouver 4 - D.C. 7
TOP OF THE 7TH
Vancouver Grey Wolves batting - Pitching for D.C. Divided : LHP Bill Oulton
Batting: RHB Wilson Vega 0-0: Called Strike
0-1: Ground out 4-3 (Groundball, 4)
Batting: LHB Michael Malloy 0-0: Ball
1-0: Called Strike
1-1: Ball
2-1: SINGLE (Groundball, 5D)
Batting: RHB Hank Scorpio 0-0: Called Strike
0-1: Ball
1-1: Called Strike
1-2: Ball
2-2: Ball
3-2: Base on Balls
Michael Malloy to second
Pitching: RHP Gavin Blackburn
Batting: LHB Preston Witt 0-0: Called Strike
0-1: Grounds into double play, 4-6-3 (Groundball, 4M)
Top of the 7th over - 0 runs, 1 hit, 0 errors, 1 left on base; Vancouver 4 - D.C. 7
BOTTOM OF THE 7TH
D.C. Divided batting - Pitching for Vancouver Grey Wolves : LHP Felipe Machado
Batting: RHB Mario Castillo 0-0: Ground out 1-3 (Groundball, P)
Batting: RHB Wilfred McLaughlin 0-0: Ball
1-0: Swinging Strike
1-1: Ball
2-1: Ball
3-1: Foul Ball, location: 2F
3-2: Base on Balls
Batting: RHB Wilbur Davis 0-0: Called Strike
0-1: SINGLE (Line Drive, 13S)
Wilfred McLaughlin to second
Batting: LHB Obidiah Lewis 0-0: Ball
1-0: Swinging Strike
1-1: Swinging Strike
1-2: Ball
2-2: Fly out, F8 (Flyball, 78D)
Batting: LHB Sal Bradshaw 0-0: Foul Ball, location: 2F
0-1: Foul Ball, location: 2F
0-2: SINGLE (Line Drive, 4M)
Wilfred McLaughlin to third
Wilbur Davis to second
Runner from 3rd tries for Home, throw and OUT!
Bottom of the 7th over - 0 runs, 2 hits, 0 errors, 2 left on base; Vancouver 4 - D.C. 7
TOP OF THE 8TH
Vancouver Grey Wolves batting - Pitching for D.C. Divided : RHP Gavin Blackburn
Batting: RHB Hugh Mungus 0-0: Foul Ball, location: 2F
0-1: Ball
1-1: Ball
2-1: Ball
3-1: Foul Ball, location: 2F
3-2: SINGLE (Groundball, 6M) (infield hit)
Batting: LHB David Smith 0-0: Ball
1-0: Grounds into double play, 4-6-3 (Groundball, 4M)
Batting: RHB Gilberto Rodríguez 0-0: Called Strike
0-1: Ball
1-1: Called Strike
1-2: Fly out, F7 (Flyball, 7LM)
Top of the 8th over - 0 runs, 1 hit, 0 errors, 0 left on base; Vancouver 4 - D.C. 7
BOTTOM OF THE 8TH
D.C. Divided batting - Pitching for Vancouver Grey Wolves : LHP Felipe Machado
Pitching: RHP Pedro Valdéz
Batting: LHB Neil Lawson 0-0: Foul Ball, location: 2F
0-1: Ball
1-1: Foul Ball, location: 2F
1-2: Ball
2-2: Foul Ball, location: 2F
2-2: Strikes out swinging
Batting: RHB Arturo Rodríguez 0-0: Ball
1-0: Ball
2-0: Called Strike
2-1: Ball
3-1: Base on Balls
Batting: RHB Roberto Maestas 0-0: Ball
1-0: Grounds into double play, 5-4-3 (Groundball, 56)
Bottom of the 8th over - 0 runs, 0 hits, 0 errors, 0 left on base; Vancouver 4 - D.C. 7
TOP OF THE 9TH
Vancouver Grey Wolves batting - Pitching for D.C. Divided : RHP Gavin Blackburn
Batting: RHB José Jarca 0-0: Ball
1-0: Ball
2-0: Ground out 6-3 (Groundball, 6)
Batting: LHB Aquiles Marmelo 0-0: Ball
1-0: Called Strike
1-1: Called Strike
1-2: TRIPLE (Flyball, 8RXD)
Batting: RHB Wilson Vega 0-0: Ball
1-0: Called Strike
1-1: Foul Ball, location: 2F
1-2: Strikes out looking
Batting: LHB Michael Malloy 0-0: Swinging Strike
0-1: Foul Ball, location: 2F
0-2: Strikes out looking
Top of the 9th over - 0 runs, 1 hit, 0 errors, 1 left on base; Vancouver 4 - D.C. 7
Sunday, March 18th, 2018 - OOTP Baseball 18.8 Build 76